 Dungeon Crawl Stone Soup version 0.31-a0-167-g1c394c0614 (webtiles) character file.

Game seed: 1890906205275831552

751 qw the Chopper (level 7, -2/44 HPs)
             Began as a Gargoyle Fighter on June 14, 2023.
             Slain by Dowan
             ... wielding a +0 dagger
              (4 damage)
             ... on level 4 of the Dungeon.
             The game lasted 00:01:57 (3369 turns).

qw the Chopper (Gargoyle Fighter)                   Turns: 3369, Time: 00:01:57

Health: -2/44      AC: 17    Str: 21    XL:     7   Next: 78%
Magic:  7/7        EV:  8    Int:  9    God:
Gold:   198        SH:  4    Dex:  9    Spells: 6/6 levels left

rFire   . . .        Y - +0 war axe
rCold   . . .        c - +0 buckler
rNeg    + . .        k - +0 chain mail
rPois   inf          j - +1 helmet
rElec   +            a - +0 cloak
rCorr   +            (no gloves)
SInv    .            (no boots)
Will    +....        (no amulet) Stlth
                     b - ring of resist corrosion
HPRegen 0.27/turn    (no ring)
MPRegen 0.10/turn

%: no passive effects
@: no status effects
A: sickness immunity, AC +4, negative energy resistance 1, electricity
resistance, torment resistance 1, petrification resistance, hooves 1,
strong-willed 1, evolution 1
a: no special abilities


You were on level 4 of the Dungeon.
You visited 1 branch of the dungeon, and saw 4 of its levels.

You collected 198 gold pieces.


Innate Abilities, Weirdness & Mutations

You are immune to sickness and miasma.
Your stone body is resilient. (AC +4)
You are immune to poison.
You resist negative energy. (rN+)
You are resistant to electric shocks. (rElec)
You are resistant to unholy torment.
You are immune to petrification.
You have large cloven feet.
You are strong-willed. (Will+)
You have hidden genetic potential.


   Skills:
 + Level 4.3 Fighting
 - Level 7.3 Axes
 - Level 3.2 Armour
 - Level 1.0 Dodging
 - Level 3.2 Shields


You had 6 spell levels left.
You didn't know any spells.
Your spell library was empty.

Inventory:

Hand Weapons
 n - a +0 flail
 Y - a +0 war axe (weapon)
Missiles
 o - a boomerang (quivered)
Armour
 a - a +0 cloak (worn)
 c - a +0 buckler (worn)
 f - the +0 scale mail of the Hidden Persimmons {rF+}
   (You found it on level 2 of the Dungeon)

   rF:        It protects you from fire.
 j - a +1 helmet (worn)
 k - a +0 chain mail (worn)
Jewellery
 b - a ring of resist corrosion (left hand)
 h - a ring of willpower
Scrolls
 p - a scroll of acquirement {unknown}
 q - a scroll of enchant weapon {unknown}
Potions
 d - 2 potions of might
 e - 2 potions of curing
 g - a potion of mutation
 i - 2 potions of resistance
 l - a potion of heal wounds {unknown}
 m - 2 potions of lignification

Dungeon Overview and Level Annotations

Branches:
Dungeon (4/15)
 Temple: D:4-7

Altars:

Annotations:
D:4 Dowan


Message History

You hit Duvessa but do no damage. You kick Duvessa, but do no damage.
Duvessa is moderately wounded.
Duvessa hits you but does no damage.
You hit Duvessa. You kick Duvessa, but do no damage.
Duvessa is moderately wounded.
Duvessa hits you but does no damage.
You barely miss Duvessa. You kick Duvessa.
Duvessa is heavily wounded.
Duvessa hits you but does no damage.
Dowan mumbles some strange words.
Dowan blinks!
You hit Duvessa but do no damage. You kick Duvessa, but do no damage.
Duvessa is heavily wounded.
You block Duvessa's attack.
You barely miss Duvessa. You kick Duvessa.
Duvessa is severely wounded.
Duvessa hits you but does no damage.
Dowan says, "Stay away from my face!"
You slash Duvessa!
Duvessa is almost dead.
Duvessa hits you but does no damage.
You hit Duvessa but do no damage. You kick Duvessa, but do no damage.
Duvessa is almost dead.
You slash Dowan! Duvessa barely misses you. Dowan closely misses you.
You hit Duvessa. You kick Duvessa.
You kill Duvessa!
Dowan seems overcome with grief.
Dowan seems to find hidden reserves of power!
You slash Dowan! Dowan hits you but does no damage. Dowan barely misses you.
Your Axes skill increases to level 7!
You closely miss Dowan. You kick Dowan.
Dowan is almost dead.
Dowan says, "Magic will overcome all!"
Dowan hits you with a +0 dagger. Dowan hits you but does no damage.
You closely miss Dowan.
Dowan is almost dead.
Dowan barely misses you. Dowan hits you with a +0 dagger.
You die...

........# #.....
#..........# #.....
#..........# #.....
#..........#######.....
...............).>....
#.............)######
#..............#
#..)...........#
#...@).........#
#...#e.....<...#
#...#..........#
#...#..........#
#...#..........#
#...#################
#... #........ ####
#.####### #.#......


You could see Dowan (fast).

Vanquished Creatures
  Menkaure (D:4)
  Duvessa (D:4)
  2 ogres
  A phantom (D:4)
  A jelly (D:4)
  2 orc priests
  An orc wizard (D:3)
  7 gnolls (D:4)
  2 adders
  2 dart slugs
  10 orcs
  6 ball pythons
  6 bats
  7 endoplasms
  3 giant cockroaches
  9 goblins
  6 hobgoblins
  2 jackals (D:1)
  10 kobolds
  2 quokkas
  4 frilled lizards
  8 rats
93 creatures vanquished.

Notes
Turn   | Place    | Note
-------+----------+-------------------------------------------
     0 | D:1      | qw the Gargoyle Fighter began the quest for the Orb.
     0 | D:1      | Reached XP level 1. HP: 14/14 MP: 1/1
     0 | D:1      | 0 ||| qw: Version: 0.2-a-29-g1fa15c8
     0 | D:1      | 0 ||| qw: Game counter: 4942
     0 | D:1      | 0 ||| qw: Always use a shield: true
     0 | D:1      | 0 ||| qw: God list: Okawaru
     0 | D:1      | 0 ||| qw: Allow faded altars: false
     0 | D:1      | 0 ||| qw: Do Orc after D:15 true
     0 | D:1      | 0 ||| qw: Do second Lair branch before Depths: true
     0 | D:1      | 0 ||| qw: Lair rune preference: random
     0 | D:1      | 0 ||| qw: Plans: Normal, Zot:1-4, Slime:5, God:TSO, Crypt,
                  | Tomb, Abyss, Pan, Hells, Win
     0 | D:1      | 0 ||| PLANNING D:1-11
    40 | D:1      | Reached skill level 2 in Axes
   185 | D:1      | Reached XP level 2. HP: 17/19 MP: 2/2
   264 | D:1      | 264 ||| Stepping ~*~*~tactically~*~*~ (stealth).
   622 | D:1      | Reached skill level 3 in Axes
   651 | D:1      | Reached XP level 3. HP: 15/23 MP: 3/3
   652 | D:1      | 652 ||| Stepping ~*~*~tactically~*~*~ (stealth).
   653 | D:1      | 653 ||| Stepping ~*~*~tactically~*~*~ (stealth).
   784 | D:1      | 784 ||| Stepping ~*~*~tactically~*~*~ (stealth).
   787 | D:1      | 787 ||| Stepping ~*~*~tactically~*~*~ (stealth).
   985 | D:1      | 985 ||| UPGRADING to +0 chain mail.
   995 | D:1      | 995 ||| DROPPING +0 scale mail.
   996 | D:1      | 996 ||| READING 2 scrolls labelled UMIRGH DUNUYLEZ.
   997 | D:1      | 997 ||| READING scroll labelled LAYMYSKEUWY.
   998 | D:1      | 998 ||| READING scroll labelled JOJOEHYTEV.
   999 | D:1      | 999 ||| DRINKING 2 pink potions.
  1000 | D:1      | 1000 ||| DRINKING 3 smoky dark potions.
  1001 | D:1      | 1001 ||| DROPPING scroll of blinking.
  1155 | D:2      | 1155 ||| Stepping ~*~*~tactically~*~*~ (hiding).
  1157 | D:2      | 1157 ||| Stepping ~*~*~tactically~*~*~ (hiding).
  1159 | D:2      | 1159 ||| Stepping ~*~*~tactically~*~*~ (hiding).
  1160 | D:2      | 1160 ||| Stepping ~*~*~tactically~*~*~ (hiding).
  1214 | D:2      | 1214 ||| Stepping ~*~*~tactically~*~*~ (stealth).
  1491 | D:2      | Identified the +0 scale mail of the Hidden Persimmons {rF+}
  1708 | D:2      | 1708 ||| UPGRADING to +0 cloak.
  1713 | D:2      | 1713 ||| UPGRADING to +1 helmet.
  1718 | D:2      | 1718 ||| UPGRADING to ring of resist corrosion.
  1719 | D:2      | 1719 ||| READING scroll labelled ATOSAB NINTIFUE.
  1720 | D:2      | 1720 ||| DRINKING 2 golden potions.
  1811 | D:3      | Reached XP level 4. HP: 28/28 MP: 4/4
  1829 | D:3      | Reached skill level 4 in Axes
  1855 | D:3      | 1855 ||| DROPPING +0 club.
  2239 | D:3      | 2239 ||| Stepping ~*~*~tactically~*~*~ (hiding).
  2249 | D:3      | Reached XP level 5. HP: 24/32 MP: 5/5
  2273 | D:3      | 2273 ||| Stepping ~*~*~tactically~*~*~ (stealth).
  2282 | D:3      | 2282 ||| READING scroll labelled LIOREPP WIONLUMI.
  2356 | D:3      | 2356 ||| Stepping ~*~*~tactically~*~*~ (stealth).
  2391 | D:3      | 2391 ||| READING scroll labelled JALOUN KAMOTH.
  2545 | D:3      | 2545 ||| READING scroll labelled DOISCH PEIP.
  2546 | D:3      | 2546 ||| DRINKING 2 orange potions.
  2546 | D:3      | Gained mutation: You are strong-willed. (Will+) [potion of
                  | mutation]
  2546 | D:3      | Gained mutation: You have hidden genetic potential. [potion
                  | of mutation]
  2721 | D:4      | 2721 ||| Stepping ~*~*~tactically~*~*~ (stealth).
  2722 | D:4      | Noticed a phantom
  2733 | D:4      | Reached skill level 5 in Axes
  2733 | D:4      | Killed a phantom
  2734 | D:4      | Reached XP level 6. HP: 29/39 MP: 6/6
  2779 | D:4      | Noticed Menkaure
  2787 | D:4      | Killed Menkaure
  2795 | D:4      | Gained mutation: You have large cloven feet. [hidden
                  | potential]
  2932 | D:4      | Reached skill level 6 in Axes
  2944 | D:4      | Reached XP level 7. HP: 31/44 MP: 7/7
  2950 | D:4      | Reached skill level 1 in Dodging
  3097 | D:4      | 3097 ||| Stepping ~*~*~tactically~*~*~ (hiding).
  3103 | D:4      | Noticed Duvessa
  3106 | D:4      | Noticed Dowan
  3117 | D:4      | HP: 9/44 [Duvessa/+0 short sword (4)]
  3118 | D:4      | 3118 ||| READING scroll of teleportation.
  3190 | D:4      | 3190 ||| FLEEEEING.
  3191 | D:4      | 3191 ||| FLEEEEING.
  3192 | D:4      | 3192 ||| FLEEEEING.
  3193 | D:4      | 3193 ||| FLEEEEING.
  3194 | D:4      | 3194 ||| FLEEEEING.
  3195 | D:4      | 3195 ||| FLEEEEING.
  3203 | D:4      | 3203 ||| FLEEEEING.
  3204 | D:4      | 3204 ||| FLEEEEING.
  3205 | D:4      | 3205 ||| FLEEEEING.
  3206 | D:4      | 3206 ||| FLEEEEING.
  3207 | D:4      | 3207 ||| STAIRDANCE
  3259 | D:3      | 3259 ||| DROPPING +2 ring mail of positive energy.
  3260 | D:3      | 3260 ||| READING 2 scrolls labelled GORAOCZ QAENA.
  3261 | D:3      | 3261 ||| DRINKING 2 emerald potions.
  3262 | D:3      | 3262 ||| DROPPING potion of brilliance.
  3263 | D:3      | 3263 ||| DROPPING scroll of summoning.
  3272 | D:4      | 3272 ||| STAIRDANCE
  3354 | D:4      | HP: 11/44 [Duvessa/+0 short sword (9)]
  3355 | D:4      | HP: 3/44 [Duvessa/+0 short sword (8)]
  3367 | D:4      | Killed Duvessa
  3368 | D:4      | Reached skill level 7 in Axes
  3368 | D:4      | HP: 1/44 [Dowan/+0 dagger (4)]
  3369 | D:4      | Slain by Dowan

Levels and vault maps discovered:
D:1:      dpeg_arrival_pond, layout_loops_corners
D:2:      layout_basic
D:3:      layout_basic, serial_glass, glass_columns_b, glass_columns_a,
          glass_columns_b, glass_columns_b, glass_columns_a, glass_columns_b,
          glass_columns_a, glass_columns_a, glass_columns_c, glass_columns_a,
          item_on_display_a, feat_on_display, feat_on_display,
          due_unseen_surprise, minmay_puff
D:4:      layout_basic, uniq_duvessa, uniq_menkaure

Skill      XL: |  1  2  3  4  5  6  7 |
---------------+----------------------+-----
Axes           | 2 3 4 5 6 7 |  7.3
Fighting       | 4 |  4.3
Dodging        | 1 |  1.0
Armour         | |  3.2
Shields        | |  3.2

Action                     |  1- 3 |  4- 6 |  7- 9 || total
---------------------------+-------+-------+-------++-------
  Melee: War axe           |   130 |    94 |    64 ||   288
         Kick              |       |     2 |    22 ||    24
  Throw: Boomerang         |       |       |     2 ||     2
    Use: Scroll            |     4 |     3 |     2 ||     9
         Potion            |     3 |     1 |     1 ||     5
 Armour: Scale mail        |    31 |       |       ||    31
         Chain mail        |    42 |    73 |    40 ||   155
  Dodge: Dodged            |    48 |    20 |    42 ||   110
  Block: Buckler           |    21 |     8 |    12 ||    41

Table legend:
 A = Non-vault XP
 B = Vault XP
 C = Vault XP percentage of total XP
 D = Non-vault monster count
 E = Vault monster count
 F = Vault count percentage of total count
                 A         B        C        D         E       F
            +---------+---------+-------+---------+---------+-------
      Total |     760 |     314 |  29.2 |      88 |       5 |   5.4
            +---------+---------+-------+---------+---------+-------
        D:1 |      47 |       0 |   0.0 |      26 |       0 |   0.0
        D:2 |      32 |       0 |   0.0 |      13 |       0 |   0.0
        D:3 |     245 |       4 |   1.6 |      26 |       3 |  10.3
        D:4 |     436 |     310 |  41.6 |      23 |       2 |   8.0
            +---------+---------+-------+---------+---------+-------
